 Dungeon Crawl Stone Soup version 0.28-a0-503-g83f2989fac (webtiles) character file.

Game seed: 7856282754916364926

163 bande the Skirmisher (level 5, -2/33 HPs)
             Began as a Gargoyle Fighter on Sept 21, 2021.
             Slain by an ogre (14 damage)
             ... on level 4 of the Dungeon.
             The game lasted 00:06:30 (3156 turns).

bande the Skirmisher (Gargoyle Fighter)             Turns: 3156, Time: 00:06:31

Health: -2/33      AC: 13    Str: 19    XL:     5   Next: 44%
Magic:  5/5        EV:  5    Int:  9    God:
Gold:   84         SH: 10    Dex: 10    Spells: 3/4 levels left

rFire   . . .      SeeInvis .   a - +0 war axe
rCold   . . .      Faith    .   j - +2 kite shield
rNeg    + . .      Spirit   .   i - +0 chain mail
rPois   ∞          Reflect  .   (no helmet)
rElec   +          Harm     .   (no cloak)
rCorr   .          Rampage  .   (no gloves)
Will    .....                   (no boots)
Stlth   ..........              (no amulet)
HPRegen 0.11/turn               (no ring)
MPRegen 0.09/turn               (no ring)

@: no status effects
A: sickness immunity, AC +4, negative energy resistance 1, electricity
resistance, torment resistance 1, petrification resistance
a: no special abilities


You were on level 4 of the Dungeon.
You visited 1 branch of the dungeon, and saw 4 of its levels.

You collected 84 gold pieces.

Inventory:

Hand Weapons
 a - a +0 war axe (weapon)
 c - a +0 flail
Armour
 i - a +0 chain mail (worn)
 j - a +2 kite shield (worn)
Jewellery
 g - a ring of willpower
Scrolls
 h - a scroll of identify
 k - a scroll of summoning {unknown}
 l - a scroll of noise {unknown}
 m - a scroll of immolation {unknown}
Potions
 b - a potion of flight
 d - a potion of might
 e - a potion of mutation {unknown}
 f - 2 potions of curing


   Skills:
 + Level 4.1 Fighting
 + Level 3.2 Axes
 + Level 4.1 Armour
 + Level 3.8 Shields
 * Level 1.2 Translocations


You had 3 spell levels left.
You knew the following spells:

 Your Spells              Type           Power      Damage    Failure   Level
a - Apportation           Tloc           4%         N/A       100%        1

Your spell library contained the following spells:

 Spells                   Type           Power      Damage    Failure   Level
 Animate Skeleton         Necr           0%         N/A       100%        1
 Summon Small Mammal      Summ           0%         N/A       100%        1
 Dispersal                Tloc           1%         N/A       100%        6
 Disjunction              Tloc           1%         N/A       100%        8


Dungeon Overview and Level Annotations

Branches:
Dungeon (4/15)
 Temple: D:4-7

Altars:
Hepliaklqana
The Shining One


Innate Abilities, Weirdness & Mutations

You are immune to sickness and miasma.
Your stone body is resilient. (AC +4)
You are immune to poison.
You resist negative energy. (rN+)
You are resistant to electric shocks. (rElec)
You are resistant to unholy torment.
You are immune to petrification.


Message History

m - a scroll labelled CAMYOR RYIWK
Found an escape hatch in the ceiling.
There is an escape hatch in the ceiling here.
Done exploring.
Done exploring.
Done exploring.
Done exploring.
There is a stone staircase leading up here.
You climb upwards.
There is a stone staircase leading down here.
Done exploring.
You climb downwards.
There is a stone staircase leading up here.
Done exploring.
There is a stone staircase leading down here.
You can't go down here!
There is a stone staircase leading down here.
Done exploring.
You climb downwards.
Found a scroll labelled OMA QOSUSKYI and 8 gold pieces.
There is a stone staircase leading up here.
Your shield and chain mail prevent you from hitting the ogre.
The ogre barely misses you.
You slash the ogre!
The ogre is moderately wounded.
You block the ogre's attack.
You barely miss the ogre.
The ogre is moderately wounded.
The ogre hits you with a +0 giant club! You block the adder skeleton's attack.
You hit the ogre.
The ogre is heavily wounded.
You slash the adder skeleton! The ogre hits you with a +0 giant club.
The adder skeleton bites you but does no damage.
The ogre hits you with a +0 giant club!
You hit the ogre.
The ogre is heavily wounded.
You hit the adder skeleton. You block the adder skeleton's attack.
The adder skeleton bites you but does no damage.
The ogre hits you with a +0 giant club!
You die...

###########
##.........#
......O@...#
##.....Z...#
#.........#
#.?.......#
...$.......#
...........#
#####..#####
..#


You could see an ogre and an adder skeleton.

Vanquished Creatures
  An ogre (D:3)
  An adder (D:3)
  2 worms (D:2)
  3 dart slugs
  4 orcs (D:3)
  5 endoplasms
  2 giant cockroaches (D:2)
  7 goblins
  6 hobgoblins
  2 jackals (D:2)
  6 kobolds
  7 ball pythons
  4 bats
  A frilled lizard (D:2)
  6 rats
57 creatures vanquished.

Notes
Turn   | Place    | Note
-------+----------+-------------------------------------------
     0 | D:1      | bande the Gargoyle Fighter began the quest for the Orb.
     0 | D:1      | Reached XP level 1. HP: 14/14 MP: 1/1
   420 | D:1      | Reached XP level 2. HP: 19/19 MP: 2/2
  1027 | D:1      | Reached XP level 3. HP: 20/24 MP: 3/3
  1073 | D:1      | Learned a level 1 spell: Apportation
  1960 | D:2      | Found a hazy altar of Hepliaklqana.
  2249 | D:2      | Reached XP level 4. HP: 29/29 MP: 4/4
  2445 | D:3      | Noticed an ogre
  2449 | D:3      | HP: 1/29 [ogre (27)]
  2453 | D:3      | Killed an ogre
  2454 | D:3      | Reached skill level 1 in Translocations
  2454 | D:3      | Reached XP level 5. HP: 17/33 MP: 5/5
  2903 | D:3      | Found a glowing golden altar of the Shining One.
  3151 | D:4      | Noticed an ogre
  3156 | D:4      | Slain by an ogre

Illustrated notes

Levels and vault maps discovered:
D:1:      dpeg_arrival_morbid_curiosity, layout_basic
D:2:      layout_basic, basic_altar, corexii_leaking_fountain
D:3:      layout_loops_ring, nicolae_tso_carved_into_rock
D:4:      layout_rooms, minmay_misc_feat_rows, uniq_menkaure

Skill      XL: |  1  2  3  4 |
---------------+-------------+-----
Axes           | 2 3 |  3.2
Fighting       | 4 |  4.1
Armour         | 4 |  4.1
Translocations | 1 |  1.2
Shields        | |  3.8

Action                   |  1- 3 |  4- 6 || total
-------------------------+-------+-------++-------
Melee: War axe           |   132 |    74 ||   206
  Use: Potion            |     3 |     1 ||     4
       Scroll            |     3 |       ||     3
Armor: Scale mail        |    53 |       ||    53
       Chain mail        |    27 |    40 ||    67
Dodge: Dodged            |    56 |    19 ||    75
Block: Buckler           |    36 |       ||    36
       Kite shield       |     7 |    48 ||    55

Table legend: (Time is in decaauts)
 A = Elapsed time spent in this place.
 B = Non-inter-level travel time spent in this place.
 C = Inter-level travel time spent in this place.
 D = Time resting spent in this place.
 E = Time spent auto-exploring this place.
 F = Levels seen in this place.
 G = Mean time per level.
                   A        B        C        D        E       F      G
               +--------+--------+--------+--------+--------+-----+--------+
         Total |   3234 |   3206 |     28 |    255 |   2285 |   4 |  808.5 |
       Dungeon |   3234 |   3206 |     28 |    255 |   2285 |   4 |  808.5 |
               +--------+--------+--------+--------+--------+-----+--------+

Top non-repeatable levels by time:
     D:1: 1670 daAuts
     D:3: 886 daAuts
     D:2: 670 daAuts
     D:4: 7 daAuts
